AoeStats
← marius.zwei91

Arabia

508488050Analyzed
1v1 RM · 10d ago on Sep 22, 2026· 36m 3s· 2 players
Game mode
Random Map
Map size
Tiny (2 player)
Population
200
Speed
Normal
Resources
Standard
Victory
Conquest
Starting age
Dark Age
Ending age
Imperial Age
RankedLock teamsTeams togetherTeam positionsShared explorationLock speedFull tech treeHidden civsTurbo modeCheats
Victory
Defeat
🇩🇪 Ethiopians · Germany
767
+15
🇷🇺 Maya · Russia
750
-15
CBuHDiesel
11:26 Feudal Age
12:18 Horse Collar
12:25 Double-Bit Axe
14:43 Loom
18:16 Castle Age
18:00 Fletching
18:12 Padded Archer Armor
18:27 Scale Mail Armor
18:50 Gold Mining
19:13 Pikeman
21:08 Thumb Ring
21:42 Elite Skirmisher
marius.zwei91
8:20 Loom
11:59 Feudal Age
16:04 Castle Age
15:14 Fletching
16:18 Crossbowman
21:34 Forging
23:19 Double-Bit Axe
25:55 Scale Mail Armor
26:30 Man-at-Arms
27:13 Long Swordsman
29:12 Iron Casting
35:50 Imperial Age
33:19 Elite Skirmisher
Connection lost

Rejoining the realm…

Still unreachable

The connection could not be restored.

Session expired

The server has moved on; the page needs a fresh start.